cohdb
Replays
Latest Replays
All Replays
Popular Replays
Top Player Replays
Match Explorer
How It Works
Community
CoH3 Stats
Reddit
Sign in to upload your games and track your stats! →
Sign in with Steam
Match 40864672
Unlisted
Match 40864672
Overview
Messages
Build Orders
End
Pioneer Squad
Selects Mechanized Battlegroup
Construct Infanterie Kompanie
Grenadier Squad
Grenadier Squad
MG 42 Machine Gun Team
Infanterie Officer Quarters
Medical Bunker
Grenadier Squad
Selects Raid Package
Construct Panzergrenadier Kompanie
Pak 40 Anti-tank Gun Team
Selects StuG Assault Group
StuG Assault Group
^3
Nikname2303
0
0
Comments
sign in to comment!
No comments posted yet!